AoeStats
← Zxead

Nomad

505467844Analyzed
2v2 RM · 21d ago on Sep 9, 2026· 69m 56s· 4 players
Game mode
Random Map
Map size
176×176
Population
200
Speed
Normal
Resources
Standard
Victory
Conquest
Starting age
Dark Age
Ending age
Imperial Age
RankedLock teamsTeams togetherTeam positionsShared explorationLock speedFull tech treeHidden civsTurbo modeCheats
Victory
Defeat
🇪🇸 Vikings · Spain
716
+16
🇬🇧 Japanese · United Kingdom
708
+16
🇹🇷 Chinese · Türkiye
714
-16
🇹🇷 Magyars · Türkiye
712
-16
Tomás Roncero
14:24 Feudal Age
14:45 Horse Collar
14:52 Double-Bit Axe
14:31 Man-at-Arms
24:47 Castle Age
26:36 Squires
25:57 Pikeman
27:28 Arson
31:19 Light Cavalry
40:04 Bow Saw
40:57 Heavy Plow
45:19 Imperial Age
43:42 Forging
43:38 Scale Barding Armor
45:12 Scale Mail Armor
46:13 Murder Holes
48:31 Two-Man Saw
49:07 Caravan
49:06 Gold Mining
50:17 Iron Casting
50:03 Chain Barding Armor
49:59 Chain Mail Armor
52:27 Chemistry
52:16 Chieftains
53:42 Elite Berserk
56:00 Blast Furnace
62:11 Plate Mail Armor
Uncle Oswald
9:59 Loom
12:55 Feudal Age
13:24 Double-Bit Axe
14:06 Fishing Lines
16:21 Wheelbarrow
19:02 Gold Mining
23:38 Castle Age
21:55 Stone Mining
22:01 Fletching
22:52 Arson
23:13 Scale Mail Armor
23:48 Forging
26:34 Squires
25:55 Pikeman
26:47 Gillnets
27:52 Chain Mail Armor
28:25 Iron Casting
29:19 Bow Saw
29:47 Gold Shaft Mining
35:46 Imperial Age
33:31 Treadmill Crane
33:47 Murder Holes
34:07 Bodkin Arrow
36:23 Hand Cart
37:08 Plate Mail Armor
38:55 Two-Man Saw
39:24 Blast Furnace
39:46 Ballistics
40:27 Chemistry
39:32 Bracer
39:53 Elite Samurai
41:43 Bloodlines
41:35 Husbandry
41:07 Cavalier
41:56 Scale Barding Armor
42:19 Conscription
43:07 Chain Barding Armor
43:10 Kataparuto
43:04 Demolition Ship
48:43 Fortified Wall
50:01 Town Watch
ashenone
15:09 Feudal Age
13:59 Loom
17:46 Scale Barding Armor
18:16 Bloodlines
25:01 Castle Age
23:03 Horse Collar
23:10 Double-Bit Axe
25:10 Padded Archer Armor
26:10 Chain Barding Armor
25:13 Light Cavalry
26:44 Fletching
27:13 Gold Mining
29:54 Husbandry
38:09 Bodkin Arrow
38:30 Leather Archer Armor
41:04 Imperial Age
39:24 Wheelbarrow
39:34 Bow Saw
40:11 Heavy Plow
41:01 Thumb Ring
43:51 Parthian Tactics
43:44 Stone Mining
45:19 Heavy Cavalry Archer
46:44 Gold Shaft Mining
47:50 Bodkin Arrow
48:32 Hand Cart
48:03 Town Watch
48:48 Recurve Bow
49:37 Corvinian Army
56:02 Ballistics
57:07 Chemistry
56:42 Leather Archer Armor
61:13 Bracer
64:05 Ring Archer Armor
63:55 Siege Engineers
64:43 Murder Holes
70:05 Conscription
Zxead
15:55 Feudal Age
18:58 Double-Bit Axe
20:31 Fishing Lines
23:23 Gold Mining
24:00 Padded Archer Armor
23:50 Fletching
26:24 Castle Age
26:30 Town Watch
27:24 Leather Archer Armor
27:25 Crossbowman
30:22 Medium Warships
31:17 Ballistics
31:07 Thumb Ring
30:58 Bodkin Arrow
38:00 Imperial Age
37:38 Clinker Construction
37:40 Careening
39:45 Gillnets
49:08 Arbalester
49:16 Capped Ram
53:38 Siege Ram
59:19 Ring Archer Armor
58:49 Bracer
59:29 Town Patrol
Connection lost

Rejoining the realm…

Still unreachable

The connection could not be restored.

Session expired

The server has moved on; the page needs a fresh start.